 Dungeon Crawl Stone Soup version 0.24.0-1-gfbc8707 (webtiles) character file.

Game seed: 18058850495978511214, levelgen mode: deterministic

91 Blackhawk the Shield-Bearer (level 4, 0/29 HPs)
             Began as a Gargoyle Fighter on Nov 12, 2019.
             Was a Priest of Jiyva.
             Slain by Menkaure (15 damage)
             ... on level 4 of the Dungeon.
             The game lasted 00:02:54 (2629 turns).

Blackhawk the Shield-Bearer (Gargoyle Fighter)      Turns: 2629, Time: 00:02:55

Health: 0/29       AC: 10    Str: 21    XL:     4   Next: 59%
Magic:  4/4        EV:  7    Int:  9    God:    Jiyva [***...]
Gold:   103        SH:  9    Dex:  8    Spells: 3/3 levels left

rFire    . . .     SeeInvis .   a - +0 war axe
rCold    . . .     Gourm    .   c - +0 shield
rNeg     + . .     Faith    .   b - +0 scale mail
rPois    ∞         Spirit   .   (no helmet)
rElec    +         Reflect  .   (no cloak)
rCorr    +         Harm     .   (no gloves)
MR       .....                  (no boots)
Stlth    ..........             o - amulet of magic regeneration
HPRegen  0.09/turn              (no ring)
MPRegen  0.34/turn              (no ring)

@: no status effects
A: negative energy resistance 1, electricity resistance, unbreathing, eyeballs
1, jelly sensing items, petrification resistance, rot immunity, AC +3
a: Request Jelly, Renounce Religion


You were on level 4 of the Dungeon.
You worshipped Jiyva.
Jiyva was most pleased with you.
You were not hungry.

You visited 1 branch of the dungeon, and saw 4 of its levels.

You collected 103 gold pieces.

Inventory:

Hand Weapons
 a - a +0 war axe (weapon)
Armour
 b - a +0 scale mail (worn)
 c - a +0 shield (worn)
Jewellery
 o - an amulet of magic regeneration (around neck)
 q - an uncursed ring of see invisible {unknown}
Scrolls
 e - 2 scrolls of enchant armour {unknown}
 g - a scroll of fear {unknown}
 i - 4 scrolls of teleportation {unknown}
 j - a scroll of remove curse {unknown}
 k - a scroll of identify {unknown}
 l - a scroll of amnesia {unknown}
 p - a scroll of enchant weapon {unknown}
Potions
 d - a potion of might
 h - 2 potions of brilliance {unknown}
 m - a potion of invisibility {unknown}
Comestibles
 f - 4 rations
 n - a chunk of flesh


   Skills:
 + Level 4.0 Fighting
 + Level 2.6 Axes
 + Level 4.0 Armour
 + Level 4.0 Shields


You had 3 spell levels left.
You didn't know any spells.
Your spell library was empty.

Dungeon Overview and Level Annotations

Branches:
Dungeon (4/15)
 Temple: D:4-7

Altars:
Jiyva

Annotations:
D:4 Menkaure


Innate Abilities, Weirdness & Mutations

You are resistant to torment.
Your stone body is resilient. (AC +3)
You are immune to poison.
You resist negative energy. (rN+)
You are resistant to electric shocks. (rElec)
You can survive without breathing.
You are immune to petrification.
You are immune to rotting.
Your body has grown golden eyes which may confuse attackers. (Acc +3)
You have a small jelly attached to you that senses nearby items.


Message History

You are too injured to fight recklessly!
You barely miss Menkaure.
Menkaure is moderately damaged.
Your shield prevents you from hitting the adder skeleton.
A quokka comes into view.
Menkaure mumbles a few words.
Menkaure closely misses you.
The adder skeleton completely misses you.
You block Menkaure's attack. The adder skeleton bites you.
You completely miss Menkaure.
Menkaure is moderately damaged.
You barely miss the adder skeleton.
The quokka twitches its whiskers.
Menkaure hits you but does no damage.
The adder skeleton bites you but does no damage.
You slash Menkaure!
Menkaure is severely damaged.
You hit the adder skeleton. Menkaure hits you!
Ouch! That really hurt!
You die...

..........##
...........# #.
...........## .#
÷.).........# ..
............# #r
............# #.
............#
##.#
...........##
#MZ# ..........##
##@# ........###
##.##
.......#######.##
...........##..#
###########...##
###..# ##.# #.#
.#


You could see Menkaure, a quokka and an adder skeleton.

Vanquished Creatures
  An orc wizard (D:3)
  A worm (D:3)
  2 dart slugs (D:1)
  3 leopard geckos
  4 orcs
  6 bats
  3 giant cockroaches
  3 hobgoblins
  4 jackals
  7 kobolds
  A quokka (D:2)
  2 frilled lizards
  4 goblins (D:1)
  5 rats
46 creatures vanquished.

Vanquished Creatures (others)
  A jelly (D:3)
  Terence (D:2)
  2 dart slugs (D:2)
  5 orcs (D:3)
  5 bats
  3 goblins
  A hobgoblin (D:2)
  4 jackals
  A quokka (D:3)
  3 frilled lizards
  2 kobolds (D:3)
  3 rats
31 creatures vanquished.

Grand Total: 77 creatures vanquished

Notes
Turn   | Place    | Note
-------+----------+-------------------------------------------
     0 | D:1      | Blackhawk the Gargoyle Fighter began the quest for the Orb.
     0 | D:1      | Reached XP level 1. HP: 14/14 MP: 1/1
   257 | D:1      | Reached XP level 2. HP: 18/19 MP: 2/2
   908 | D:1      | Reached XP level 3. HP: 23/23 MP: 3/3
  1133 | D:2      | Found a faded altar of an unknown god.
  1152 | D:2      | Became a worshipper of Jiyva Juro the Shapeless
  1152 | D:2      | Reached * piety under Jiyva
  1258 | D:2      | Killed Terence
  1280 | D:2      | Reached ** piety under Jiyva
  1953 | D:3      | Reached XP level 4. HP: 10/29 MP: 4/4
  2111 | D:3      | Reached *** piety under Jiyva
  2114 | D:3      | Gained mutation: You have a small jelly attached to you
                  | that senses nearby items. [Jiyva's grace]
  2454 | D:3      | Gained mutation: Your body has grown golden eyes which may
                  | confuse attackers. (Acc +3) [Jiyva's grace]
  2619 | D:4      | Noticed Menkaure
  2629 | D:4      | Slain by Menkaure

Levels and vault maps discovered:
D:1:      psy_arrival_fountain, layout_basic, serial_glass, glass_columns_c,
          glass_columns_a
D:2:      minmay_spotlight, layout_loops_corners,
          chequers_ecumenical_altar_simple, uniq_terence
D:3:      layout_rooms
D:4:      kennysheep_the_goblin_king, layout_cave_pods, first_ration,
          uniq_menkaure

Skill      XL: |  1  2  3  4 |
---------------+-------------+-----
Axes           | 2 |  2.6
Shields        | 4 |  4.0
Fighting       | 4 |  4.0
Armour         | 4 |  4.0

Action                   |  1- 3 |  4- 6 || total
-------------------------+-------+-------++-------
Melee: War axe           |   165 |    26 ||   191
  Eat: Chunk             |     2 |       ||     2
Armor: Scale mail        |   119 |    15 ||   134
Dodge: Dodged            |    71 |    11 ||    82
Block: Shield            |   111 |    19 ||   130
